 Dungeon Crawl Stone Soup version 0.30-a0-778-g2ef04afb54 (webtiles) character file.

Game seed: 7140769524221818259

12156 hikkokomori the Geomancer (level 11, 0/71 HPs)
             Began as a Gargoyle Earth Elementalist on Feb 16, 2023.
             Was a Priest of Vehumet.
             Slain by a two-headed ogre
             ... wielding a +0 giant spiked club
              (12 damage)
             ... on level 1 of the Orcish Mines.
             The game lasted 00:31:19 (12801 turns).

hikkokomori the Geomancer (GrEE)                   Turns: 12801, Time: 00:31:20

Health: 0/71       AC: 16    Str: 12    XL:     11   Next: 88%
Magic:  0/16       EV: 13    Int: 20    God:    Vehumet [***...]
Gold:   333        SH:  0    Dex: 10    Spells: 4/17 levels left

rFire   . . .      SeeInvis .    y - +1 rapier (flame)
rCold   . . .      Faith    .    (no shield)
rNeg    + . .      Spirit   .    H - +2 robe {Archmagi}
rPois   ∞          Reflect  .    (no helmet)
rElec   +          Harm     .    l - +0 cloak
rCorr   +          Rampage  .    n - +0 pair of gloves
Will    +....      Archmagi +    N - +0 pair of boots
Stlth   ++++                     T - amulet of regeneration
HPRegen 1.11/turn                c - ring of willpower
MPRegen 0.15/turn                R - ring of resist corrosion

@: no status effects
A: sickness immunity, AC +8, negative energy resistance 1, electricity
resistance, torment resistance 1, petrification resistance
a: Renounce Religion


You were on level 1 of the Orcish Mines.
You worshipped Vehumet.
Vehumet was most pleased with you.
You visited 3 branches of the dungeon, and saw 12 of its levels.

You collected 685 gold pieces.
You spent 352 gold pieces at shops.

Inventory:

Hand Weapons
 i - a +0 dagger
 p - a +1 whip of flaming
 y - a +1 rapier of flaming (weapon)
 M - a +2 scimitar
 W - a +2 scimitar of flaming
Missiles
 v - 25 poisoned darts
 P - 2 throwing nets
Armour
 l - a +0 cloak (worn)
 n - a +0 pair of gloves (worn)
 r - a +3 ring mail of poison resistance
 w - a +3 leather armour of poison resistance
 E - the +5 ring mail of the Gloaming {Slay+2}
   (You bought it in a shop on level 3 of the Dungeon)

   Slay:      It affects your accuracy & damage with ranged weapons and melee
   (+2).
 H - a +2 robe of the Archmagi (worn)
 L - a +0 scale mail of cold resistance
 N - a +0 pair of boots (worn)
 X - a +0 buckler
Jewellery
 c - a ring of willpower (left hand)
 e - a ring of ice
 J - an amulet of the acrobat
 R - a ring of resist corrosion (right hand)
 T - an amulet of regeneration (around neck)
Wands
 I - a wand of flame (6)
 O - a wand of roots (1)
 Q - a wand of polymorph (5)
Scrolls
 f - 3 scrolls of vulnerability
 j - 2 scrolls of poison
 k - 2 scrolls of enchant weapon
 m - a scroll of brand weapon {unknown}
 o - a scroll of torment {unknown}
 s - a scroll of silence
 u - a scroll of magic mapping {unknown}
 A - 4 scrolls of teleportation
 C - 3 scrolls of amnesia
 D - a scroll of blinking {unknown}
 F - 2 scrolls of noise {unknown}
 G - 2 scrolls of acquirement {unknown}
 K - a scroll of immolation {unknown}
 S - a scroll of enchant armour {unknown}
 U - a scroll of butterflies {unknown}
Potions
 a - a potion of attraction {unknown}
 b - a potion of magic
 d - 3 potions of curing
 g - 2 potions of flight
 h - 3 potions of might
 q - 3 potions of degeneration
 t - a potion of ambrosia
 x - a potion of cancellation
 z - 3 potions of brilliance
 B - 3 potions of haste
 V - a potion of lignification {unknown}


   Skills:
 - Level 9.0 Fighting
 - Level 5.7 Armour
 - Level 5.4 Dodging
 - Level 9.4 Stealth
 + Level 1.5 Shields
 + Level 3.9 Spellcasting
 - Level 8.6 Conjurations
 + Level 3.1 Transmutations
 - Level 9.8 Earth Magic
 + Level 1.3 Poison Magic


You had 4 spell levels left.
You knew the following spells:

 Your Spells              Type           Power      Damage    Failure   Level
a - Sandblast             Erth           100%       2d20      1%          1
b - Stone Arrow           Conj/Erth      100%       3d13      1%          3
c - Irradiate             Conj/Tmut      20%        3d18      9%          5
d - Olgreb's Toxic Radia  Pois           14%        N/A       19%         4

Your spell library contained the following spells:

 Spells                   Type           Power      Damage    Failure   Level
 Passwall                 Tmut/Erth      36%        N/A       1%          2
 Petrify                  Tmut/Erth      44%        N/A       9%          4
 Slow                     Hex            20%        N/A       13%         1
 Confusing Touch          Hex            5%         N/A       36%         3
 Vampiric Draining        Necr           5%         2d6       36%         3
 Sublimation of Blood     Necr           Unusable   N/A       N/A         2

Dungeon Overview and Level Annotations

Branches:
Dungeon (10/15)            Temple (0/1) D:6            Lair (1/5) D:9
    Orc (1/2) D:10

Altars:
Ashenzari
Dithmenos
Fedhas
Gozag
Hepliaklqana
Kikubaaqudgha
Makhleb
Qazlal
Ru
Trog
Uskayaw
Vehumet
Zin
The Shining One

Shops:
D:3 [   D:7 !

Annotations:
D:7 2 runed translucent doors, bronco's ghost, novice DEHu
D:8 3 runed translucent doors, cforsyth's ghost, novice TeSu


Innate Abilities, Weirdness & Mutations

You are immune to sickness and miasma.
Your stone body is resilient. (AC +8)
You are immune to poison.
You resist negative energy. (rN+)
You are resistant to electric shocks. (rElec)
You are resistant to unholy torment.
You are immune to petrification.


Message History

Confirm with . or Enter, or press ? or * to list all spells.
You feel a surge of power!
You begin to radiate toxic energy.
The two-headed ogre is poisoned.
The two-headed ogre looks even sicker.
Casting: Olgreb's Toxic Radiance (dangerous; 19% risk of failure)
Confirm with . or Enter, or press ? or * to list all spells.
Aiming: Sandblast (safe; 1% risk of failure)
Press: ? - help, Shift-Dir - straight line, f - two-headed ogre
Aim: a two-headed ogre, wielding a +0 giant spiked club and a +0 giant club (lightly wounded, very poisoned, 93% to hit)
You feel a surge of power!
The blast of sand misses the two-headed ogre.
Your toxic aura wanes.
The two-headed ogre barely misses you.
The two-headed ogre hits you with a +0 giant club!
You hit the two-headed ogre. You burn the two-headed ogre.
The two-headed ogre is lightly wounded.
You puncture the two-headed ogre! You burn the two-headed ogre.
The two-headed ogre is moderately wounded.
The two-headed ogre hits you with a +0 giant spiked club!!
The two-headed ogre misses you.
You barely miss the two-headed ogre.
The two-headed ogre is moderately wounded.
The two-headed ogre hits you with a +0 giant spiked club!
The two-headed ogre barely misses you.
Casting: Sandblast (safe; 1% risk of failure)
Confirm with . or Enter, or press ? or * to list all spells.
Aiming: Sandblast (safe; 1% risk of failure)
Press: ? - help, Shift-Dir - straight line, f/p - two-headed ogre
Aim: a two-headed ogre, wielding a +0 giant spiked club and a +0 giant club (moderately wounded, poisoned, 93% to hit)
You feel a surge of power!
The blast of sand hits the two-headed ogre!!
The two-headed ogre is almost dead.
The two-headed ogre hits you but does no damage.
The two-headed ogre hits you with a +0 giant club!!
* * * LOW HITPOINT WARNING * * *
Your magical contamination has completely faded away.
You hit the two-headed ogre. You burn the two-headed ogre.
The two-headed ogre is almost dead.
The two-headed ogre closely misses you.
The two-headed ogre hits you with a +0 giant club!
You die...

........$.#.#.##
.........####.##
...........#...#
........(......#
....#.).......##
.....#........#
..........))..##
.............O.#
.............@.#
#.###.#...#...##
# ##.....#.##
##......#
####.... ##....
#.... ##..# ####


You could see a two-headed ogre (poisoned).

Vanquished Creatures
  Erica (D:9)
  A centaur warrior (D:10)
  A two-headed ogre (D:10)
  An orc sorcerer (D:10)
  An ugly thing (D:10)
  A cyclops (Orc:1)
  Joseph (D:8)
  Psyche (D:9)
  3 trolls
  A hornet (D:8)
  Prince Ribbit (D:9)
  A wraith (D:9)
  4 wyverns
  Eustachio (D:2)
  4 yaks (D:9)
  3 basilisks (D:9)
  3 acid dragons
  2 ice beasts
  2 black bears
  2 sky beasts (D:8)
  6 orc warriors
  3 centaurs
  3 ogres
  4 phantoms (D:5)
  4 kobold brigands
  4 bullfrogs
  2 necrophages
  7 gnoll sergeants
  2 scorpions (D:6)
  17 wights
  8 killer bees
  5 howler monkeys
  A crimson imp (D:8)
  2 orc priests
  A jelly (D:5)
  4 hounds
  2 iguanas (D:6)
  Natasha (thrice) (D:2)
  Terence (D:2)
  8 orc wizards
  A statue (D:4)
  17 gnolls
  10 adders
  2 shadow imps
  3 ufetubi
  4 worms
  3 dart slugs
  24 orcs
  6 ball pythons
  5 endoplasms
  5 giant cockroaches
  6 goblins
  4 hobgoblins
  3 jackals
  3 quokkas
  6 bats
  3 frilled lizards
  13 kobolds
  7 rats
247 creatures vanquished.

Vanquished Creatures (others)
  A fungus (Lair:1)
  A plant (D:2)
2 creatures vanquished.

Grand Total: 249 creatures vanquished

Notes
Turn   | Place    | Note
-------+----------+-------------------------------------------
     0 | D:1      | hikkokomori the Gargoyle Earth Elementalist began the quest
                  | for the Orb.
     0 | D:1      | Reached XP level 1. HP: 10/10 MP: 3/3
   194 | D:1      | Reached XP level 2. HP: 16/16 MP: 3/5
   318 | D:1      | Reached skill level 1 in Fighting
   952 | D:2      | Reached XP level 3. HP: 20/20 MP: 2/6
  1388 | D:2      | Reached XP level 4. HP: 26/26 MP: 3/7
  1476 | D:2      | Found a faded altar of an unknown god.
  1790 | D:2      | Learned a level 3 spell: Stone Arrow
  1985 | D:3      | Noticed Terence
  1987 | D:3      | Noticed Natasha
  2006 | D:2      | Killed Natasha
  2100 | D:2      | Noticed Natasha
  2106 | D:2      | Killed Natasha
  2107 | D:2      | Reached skill level 1 in Conjurations
  2107 | D:2      | Reached XP level 5. HP: 19/31 MP: 2/8
  2288 | D:2      | Noticed Natasha
  2292 | D:2      | Killed Natasha
  2331 | D:2      | Killed Terence
  2495 | D:3      | Reached skill level 5 in Earth Magic
  2511 | D:3      | Found Guagoach's Antique Armour Boutique.
  2837 | D:3      | Reached XP level 6. HP: 37/37 MP: 2/9
  3032 | D:4      | Noticed Eustachio
  3297 | D:2      | Killed Eustachio
  3714 | D:4      | Reached XP level 7. HP: 42/42 MP: 4/10
  3840 | D:4      | Reached skill level 5 in Stealth
  3989 | D:4      | Found a radiant altar of Vehumet.
  3999 | D:4      | Became a worshipper of Vehumet
  4279 | D:5      | Entered Level 5 of the Dungeon
  4424 | D:5      | Reached XP level 8. HP: 48/48 MP: 7/11
  4529 | D:5      | Found an ancient bone altar of Kikubaaqudgha.
  4690 | D:5      | Reached skill level 5 in Fighting
  5549 | D:5      | Identified the +1 shortbow of Boenkety {freeze, Fragile
                  | rElec rN+}
  5791 | D:6      | Reached skill level 5 in Conjurations
  5865 | D:3      | Bought a brightly glowing ring mail for 297 gold pieces
  5865 | D:3      | Identified the +5 ring mail of the Gloaming {Slay+2} (You
                  | bought it in a shop on level 3 of the Dungeon)
  5908 | D:6      | Found a sacrificial altar of Ru.
  6020 | D:6      | Reached skill level 1 in Armour
  6036 | D:6      | Reached XP level 9. HP: 50/55 MP: 9/12
  6218 | D:6      | Reached * piety under Vehumet
  6218 | D:6      | Offered knowledge of Foxfire by Vehumet.
  6378 | D:6      | Found a blossoming altar of Fedhas.
  6455 | D:6      | Found a broken altar of Ashenzari.
  6455 | D:6      | Found a glowing golden altar of the Shining One.
  6541 | D:6      | Found a staircase to the Ecumenical Temple.
  6568 | D:7      | Found Lujanidd's Distillery.
  6571 | D:7      | Bought a potion of heal wounds for 55 gold pieces
  6953 | D:7      | Found a large runed translucent door.
  6955 | D:7      | Found a large runed translucent door.
  6957 | D:7      | Noticed bronco's ghost (novice DEHu)
  6960 | D:7      | Found an opulent altar of Gozag.
  7249 | D:7      | Found a hide-covered altar of Uskayaw.
  7663 | D:8      | Offered knowledge of Shock by Vehumet.
  7910 | D:8      | Found a stormy altar of Qazlal.
  7950 | D:8      | Found a runed translucent gate.
  7950 | D:8      | Found a runed translucent gate.
  7950 | D:8      | Found a runed translucent gate.
  7990 | D:8      | Reached ** piety under Vehumet
  8102 | D:8      | Noticed a hornet
  8106 | D:8      | Killed a hornet
  8330 | D:8      | Reached XP level 10. HP: 61/61 MP: 13/13
  8383 | D:8      | Found a burning altar of Makhleb.
  8458 | D:8      | Noticed cforsyth's ghost (novice TeSu)
  8697 | D:9      | Noticed Joseph
  8709 | D:9      | Noticed Prince Ribbit
  8721 | D:9      | Killed Prince Ribbit
  8729 | D:9      | HP: 1/63 [troll (10)]
  8987 | D:8      | Killed Joseph
  9478 | D:9      | Noticed Psyche
  9487 | D:9      | Killed Psyche
  9602 | D:9      | Found a bloodstained altar of Trog.
  9814 | D:9      | Reached skill level 5 in Armour
 10264 | D:9      | Found a staircase to the Lair.
 10416 | D:9      | Reached XP level 11. HP: 46/68 MP: 0/14
 10512 | D:9      | Noticed Erica
 10517 | D:9      | Killed Erica
 10695 | D:10     | Entered Level 10 of the Dungeon
 10702 | D:10     | Learned a level 5 spell: Irradiate
 10809 | D:10     | Offered knowledge of Dazzling Flash by Vehumet.
 10810 | D:10     | Reached skill level 1 in Transmutations
 10957 | D:10     | Reached *** piety under Vehumet
 11118 | D:10     | Found a glowing silver altar of Zin.
 11141 | D:10     | Found a hazy altar of Hepliaklqana.
 11144 | D:10     | Found a shadowy altar of Dithmenos.
 11160 | D:10     | Noticed a centaur warrior
 11217 | D:10     | Killed a centaur warrior
 11235 | D:10     | Reached skill level 5 in Dodging
 11396 | D:10     | Noticed a two-headed ogre
 11401 | D:10     | Killed a two-headed ogre
 11690 | D:10     | Noticed a cyan ugly thing
 11702 | D:10     | Killed a cyan ugly thing
 11794 | D:10     | Offered knowledge of Olgreb's Toxic Radiance by Vehumet.
 12085 | D:10     | Found a staircase to the Orcish Mines.
 12579 | Lair:1   | Entered Level 1 of the Lair of Beasts
 12585 | Lair:1   | Learned a level 4 spell: Olgreb's Toxic Radiance
 12664 | Orc:1    | Entered Level 1 of the Orcish Mines
 12665 | Orc:1    | Noticed an orc sorcerer
 12675 | D:10     | Killed an orc sorcerer
 12676 | D:10     | Reached skill level 1 in Shields
 12754 | Orc:1    | Noticed a cyclops
 12775 | Orc:1    | Killed a cyclops
 12776 | Orc:1    | Reached skill level 1 in Poison Magic
 12779 | Orc:1    | Noticed a two-headed ogre
 12801 | Orc:1    | Slain by a two-headed ogre

Illustrated notes

Levels and vault maps discovered:
D:1:      giann_forest_graveyard, layout_basic
D:2:      layout_basic, shapermc_ecumenical_altar_acropolis, dk_noncrumbling_4,
          hangedman_decor_diamond_cutter, minmay_tromino_v4_b
D:3:      layout_rooms, serial_shops, nicolae_shop_advertising_works
          [nicolae_subvault_shop_adworks], kennysheep_generic_room_12,
          uniq_natasha, uniq_terence
D:4:      layout_loops_ring, vehumet_statue, serial_park_tiny_pond,
          uniq_eustachio
D:5:      layout_layer_cave, kennysheep_mini
D:6:      layout_gridville, nicolae_ru_awakened_eye, fedhas_ov_isle_minmay,
          gammafunk_temple_overflow_elements, minmay_temple_entry_stoned_glass
D:7:      layout_loops_ring, nicolae_gozag_cash_rules_everything_around_me,
          general_overflow_altar, ebering_ghost_disaster_area, serial_shops,
          shop
D:8:      layout_loops_ring, makhleb_grotto_becter,
          nicolae_qazlal_style_of_elements, gammafunk_ghost_icy
D:9:      layout_basic, mainiacjoe_overflow_chevrons, erik_lair_dragon,
          uniq_psyche, uniq_erica, uniq_prince_ribbit1, uniq_joseph
D:10:     layout_stronghold, riverfiend_overflow_shadow_ancestor, zin_statuary,
          kennysheep_orc_monster_closet_entryway, serial_column_ruins,
          column_ruins_pillar_9, column_ruins_pillar_1, column_ruins_pillar_6,
          column_ruins_pillar_11, column_ruins_pillar_1, column_ruins_pillar_10,
          column_ruins_pillar_10, column_ruins_pillar_3, column_ruins_pillar_6,
          column_ruins_pillar_4, column_ruins_pillar_3, column_ruins_pillar_8,
          column_ruins_pillar_2, column_ruins_pillar_3, column_ruins_pillar_2,
          column_ruins_pillar_3, grunt_tough_drop
Lair:1:   layout_cave_pods, ebering_ghost_rock_garden
Orc:1:    layout_caves

Skill      XL: |  1  2  3  4  5  6  7  8  9 10 11 |
---------------+----------------------------------+-----
Fighting       | 1 2 3 4 5 6 8 9 |  9.0
Earth Magic    | 4 5 6 7 8 9 |  9.8
Stealth        | 3 4 5 7 8 9 |  9.4
Conjurations   | 1 2 3 5 6 7 8 |  8.6
Armour         | 1 3 5 |  5.7
Dodging        | 2 3 4 5 |  5.4
Transmutations | 3 |  3.1
Spellcasting   | 3 |  3.9
Shields        | 1 |  1.5
Poison Magic   | 1 |  1.3

Action                     |  1- 3 |  4- 6 |  7- 9 | 10-12 || total
---------------------------+-------+-------+-------+-------++-------
  Melee: Dagger            |    27 |       |       |       ||    27
         Whip              |       |    77 |    24 |       ||   101
         Punch             |       |     1 |     1 |    10 ||    12
         Rapier            |       |       |   130 |   265 ||   395
   Cast: Sandblast         |    39 |   101 |   114 |    79 ||   333
         Stone Arrow       |       |       |     6 |    65 ||    71
         Olgreb's Toxic Ra |       |       |       |     3 ||     3
         Irradiate         |       |       |       |     2 ||     2
  Evoke: Wand              |       |       |    14 |     6 ||    20
    Use: Potion            |       |     2 |       |     2 ||     4
         Scroll            |       |       |    10 |     3 ||    13
   Stab: Sleeping          |     1 |       |     9 |     3 ||    13
 Armour: Robe              |    23 |    14 |       |     7 ||    44
         Ring mail         |       |   126 |   148 |   243 ||   517
         Leather armour    |       |     7 |    37 |       ||    44
  Dodge: Dodged            |    29 |   194 |   151 |   263 ||   637

Table legend: (Time is in decaauts)
 A = Elapsed time spent in this place.
 B = Non-inter-level travel time spent in this place.
 C = Inter-level travel time spent in this place.
 D = Time resting spent in this place.
 E = Time spent auto-exploring this place.
 F = Levels seen in this place.
 G = Mean time per level.
                   A        B        C        D        E       F      G
               +--------+--------+--------+--------+--------+-----+--------+
         Total |  13056 |  12323 |    733 |   1037 |   8883 |  12 | 1088.0 |
       Dungeon |  12977 |  12245 |    732 |   1031 |   8882 |  10 | 1297.7 |
          Lair |      6 |      6 |      0 |      0 |      0 |   1 |    6.0 |
  Orcish Mines |     72 |     72 |      0 |      6 |      1 |   1 |   72.0 |
               +--------+--------+--------+--------+--------+-----+--------+

Top non-repeatable levels by time:
     D:9: 2062 daAuts
     D:2: 1689 daAuts
    D:10: 1671 daAuts
     D:8: 1516 daAuts
     D:5: 1422 daAuts
     D:7: 1027 daAuts
     D:4: 977 daAuts
     D:3: 893 daAuts
     D:1: 872 daAuts
     D:6: 844 daAuts
   Orc:1: 72 daAuts
  Lair:1: 6 daAuts
